 Dungeon Crawl Stone Soup version 0.30-a0-534-gdc55766716 (webtiles) character file.

Game seed: 12323471153270331227

10139 p00ps00p the Cleaver (level 11, -2/102 HPs)
             Began as a Hill Orc Fighter on Dec 25, 2022.
             Was an Initiate of Gozag.
             Slain by a large slime creature (30 damage)
             ... on level 12 of the Dungeon.
             The game lasted 00:13:31 (12879 turns).

p00ps00p the Cleaver (Hill Orc Fighter)            Turns: 12879, Time: 00:13:31

Health: -2/102     AC: 15    Str: 39    XL:     11   Next: 57%
Magic:  11/11      EV:  6    Int:  9    God:    Gozag
Gold:   1058       SH: 21    Dex: 12    Spells: 10/10 levels left

rFire   + . .      SeeInvis +    E - +6 hand axe (venom)
rCold   . . .      Faith    .    K - +0 tower shield
rNeg    . . .      Spirit   .    n - +0 chain mail of the Other World {Drain Str+10 SInv Stlth-}
rPois   .          Reflect  +    l - +1 helmet
rElec   .          Harm     .    o - +0 cloak
rCorr   +          Rampage  .    (no gloves)
Will    .....                    (no boots) Stlth
                                 e - amulet of reflection
HPRegen 0.37/turn                r - ring of Wu Jian's Delight {rC+ Int-3 Dex+2 SInv Stlth+}
MPRegen 0.12/turn                y - ring of Cuditeet {Fire Drain rCorr Str+5 Int+4}

@: gold aura
A: no striking features
a: Renounce Religion, Potion Petition, Call Merchant, Bribe Branch


You were on level 12 of the Dungeon.
You worshipped Gozag.
Gozag was most pleased with you.
You visited 2 branches of the dungeon, and saw 13 of its levels.

You collected 2965 gold pieces.
You spent 1127 gold pieces at shops.
You paid 780 gold pieces to Gozag.

Inventory:

Hand Weapons
 a - a +0 war axe of protection
 k - a +0 spectral hand axe
 A - a +3 vorpal war axe
 E - a +6 hand axe of venom (weapon)
Missiles
 j - 2 throwing nets (quivered)
Armour
 l - a +1 helmet (worn)
 n - the +0 chain mail of the Other World (worn) {Drain Str+10 SInv Stlth-}
   (You found it on level 5 of the Dungeon)

   Str:       It affects your strength (+10).
   SInv:      It lets you see invisible.
   Drain:     It drains your maximum health when unequipped.
   Stlth:     It makes you less stealthy.
 o - a +0 cloak (worn)
 K - a +0 tower shield (worn)
Jewellery
 e - an amulet of reflection (around neck)
 r - the ring of Wu Jian's Delight (left hand) {rC+ Int-3 Dex+2 SInv Stlth+}
   (You bought it in a shop on level 4 of the Dungeon)

   [ring of see invisible]

   Int:       It affects your intelligence (-3).
   Dex:       It affects your dexterity (+2).
   rC:        It protects you from cold.
   SInv:      It lets you see invisible.
   Stlth:     It makes you more stealthy.
 y - the ring of Cuditeet (right hand) {Fire Drain rCorr Str+5 Int+4}
   (You bought it in a shop on level 4 of the Dungeon)

   [ring of fire]

   It enhances your fire magic.
   Str:       It affects your strength (+5).
   Int:       It affects your intelligence (+4).
   rF:        It protects you from fire.
   rC:        It makes you vulnerable to cold.
   rCorr:     It protects you from acid and corrosion.
   Drain:     It drains your maximum health when unequipped.
Wands
 b - a wand of flame (10)
 f - a wand of light (8)
 C - a wand of iceblast (4)
 G - a wand of digging (8)
Scrolls
 c - a scroll of summoning {unknown}
 h - a scroll of magic mapping
 w - 5 scrolls of teleportation
 x - 2 scrolls of fear
 D - 3 scrolls of blinking
 F - a scroll of amnesia {unknown}
 J - a scroll of poison {unknown}
 L - a scroll of identify
Potions
 d - a potion of might
 g - 3 potions of lignification
 i - 5 potions of curing
 m - 2 potions of heal wounds
 p - a potion of cancellation
 q - a potion of resistance
 s - a potion of magic
 t - 7 potions of attraction
 u - a potion of experience
 v - a potion of degeneration {unknown}
 z - a potion of brilliance {unknown}
 B - 2 potions of invisibility {unknown}
 H - 2 potions of ambrosia {unknown}
 I - a potion of berserk rage {unknown}


   Skills:
 + Level 11.3 Fighting
 + Level 12.0 Axes
 + Level 10.4 Armour
 + Level 10.4 Shields


You had 10 spell levels left.
You didn't know any spells.
Your spell library contained the following spells:

 Spells                   Type           Power      Damage    Failure   Level
 Slow                     Hex            0%         N/A       100%        1
 Sublimation of Blood     Necr           0%         N/A       100%        2
 Call Canine Familiar     Summ           0%         N/A       100%        3
 Confusing Touch          Hex            0%         N/A       100%        3
 Portal Projectile        Hex/Tloc       0%         N/A       100%        3
 Vampiric Draining        Necr           0%         2d6       100%        3
 Leda's Liquefaction      Hex/Erth       0%         N/A       100%        4
 Petrify                  Tmut/Erth      0%         N/A       100%        4
 Alistair's Intoxication  Tmut/Pois      0%         N/A       100%        5
 Borgnjor's Vile Clutch   Necr/Erth      0%         N/A       100%        5
 Irradiate                Conj/Tmut      0%         3d11      100%        5
 Eringya's Noxious Bog    Tmut/Pois      0%         N/A       100%        6


Dungeon Overview and Level Annotations

Branches:
Dungeon (12/15)            Temple (1/1) D:4            Lair (0/5) D:8
    Orc: D:9-12

Altars:
Ashenzari
Cheibriados
Dithmenos
Elyvilon
Fedhas
Gozag
Hepliaklqana
Kikubaaqudgha
Makhleb
Nemelex Xobeh
Okawaru
Qazlal
Ru
Sif Muna
Trog
Uskayaw
Vehumet
Wu Jian
Xom
Yredelemnul
Zin
The Shining One

Shops:
D:4 =   D:10 :

Portals:
Trove: D:11 (give +6 demon blade)

Annotations:
D:8 2 transporters
D:11 2 transporters, 1 runed translucent door, Encipher's ghost, journeyman SpHu


Message History

Unknown command.
You slash the slime creature!
The slime creature is almost dead.
You hit the yak.
The yak looks as sick as possible!
You hit the large slime creature.
The large slime creature is poisoned.
The large slime creature is no longer distracted by gold.
The yak is no longer distracted by gold.
You block the slime creature's attack. The yak gores you but does no damage.
The large slime creature is distracted by your dazzling golden aura.
The large slime creature quivers.
Unknown command.
You slash the slime creature!
You kill the slime creature!
You slash the yak! You hit the yak.
The yak looks as sick as possible!
You slash the large slime creature!
The large slime creature is no longer distracted by gold.
You block the yak's attack. x2; The large slime creature hits you!
Unknown command.
You are too injured to fight recklessly!
Unknown command.
You are too injured to fight recklessly!
Unknown command.
You are too injured to fight recklessly!
Unknown command.
You are too injured to fight recklessly!
You slash the large slime creature!
The large slime creature looks as sick as possible!
The large slime creature is heavily wounded.
You hit the yak.
The yak looks as sick as possible!
You closely miss the yak. You block the yak's attack. The yak gores you!
The large slime creature hits you!
* * * LOW HITPOINT WARNING * * *
Unknown command.
You completely miss the large slime creature.
The large slime creature is heavily wounded.
You slash the yak!
The yak looks as sick as possible!
You hit the yak but do no damage.
The yak is poisoned.
You block the yak's attack. x2; The large slime creature hits you!!
You die...
Your body crumbles into a pile of gold.

#...##.............##.# ###
##...##.####.........#.#####
..# #.......#
#[##............. #.#
#.#.##..####.##.##.#.##.####
#.#
#................#.##.####
..# #...........#.## #
##.##.. #.# ........###.#.#
....... #.##
........###Y#.#.# ##.....
...##.##.##....$@Y...#
###### .........
#.####J#.### ...##.### #.
#.#.# #### # .. ... J #.. ..
#... .# #..[$.# ##...


You could see a large slime creature (extremely poisoned) and 2 yaks.

Vanquished Creatures
  2 two-headed ogres
  2 manticores
  Joseph (D:7)
  Maurice (D:8)
  Maggie (D:8)
  A hornet (D:9)
  2 slime creatures (D:12)
  9 yaks
  2 steam dragons
  4 wyverns
  Edmund (D:5)
  An acid dragon (D:9)
  Menkaure (D:7)
  4 water moccasins
  Duvessa (D:7)
  2 ice beasts
  A black bear (D:8)
  An orc warrior (D:11)
  3 sky beasts
  2 ogres (D:5)
  8 centaurs
  A phantom (D:5)
  A bullfrog (D:6)
  2 kobold brigands
  2 necrophages
  8 wights
  Dowan (D:7)
  9 killer bees
  3 howler monkeys (D:8)
  A gnoll bouda (D:5)
  2 hounds (D:7)
  5 orc priests
  Crazy Yiuf (D:2)
  Terence (D:2)
  3 iguanas
  9 orc wizards
  10 adders
  12 gnolls
  A shadow imp (D:6)
  2 white imps (D:5)
  2 ufetubi
  3 dart slugs
  31 orcs
  3 endoplasms
  A giant cockroach (D:2)
  6 goblins
  4 hobgoblins
  4 jackals (D:3)
  3 quokkas
  4 ball pythons
  2 bats (D:2)
  2 frilled lizards
  19 kobolds
  5 rats
213 creatures vanquished.

Vanquished Creatures (others)
  A wizard (D:10)
  5 plants
6 creatures vanquished.

Grand Total: 219 creatures vanquished

Notes
Turn   | Place    | Note
-------+----------+-------------------------------------------
     0 | D:1      | p00ps00p the Hill Orc Fighter began the quest for the Orb.
     0 | D:1      | Reached XP level 1. HP: 19/19 MP: 1/1
    77 | D:1      | Found a faded altar of an unknown god.
   271 | D:1      | Reached XP level 2. HP: 27/27 MP: 2/2
   311 | D:1      | Reached skill level 3 in Axes
   696 | D:2      | Noticed Terence
   707 | D:2      | Killed Terence
   708 | D:2      | Reached XP level 3. HP: 11/33 MP: 3/3
  1118 | D:2      | Reached XP level 4. HP: 35/40 MP: 4/4
  1260 | D:2      | Found a runed translucent door.
  1261 | D:2      | Noticed Crazy Yiuf
  1846 | D:2      | Killed Crazy Yiuf
  2107 | D:3      | Reached skill level 4 in Axes
  2134 | D:3      | Reached XP level 5. HP: 47/47 MP: 5/5
  2386 | D:3      | Found a sparkling altar of Nemelex Xobeh.
  2437 | D:3      | Found an ornate altar of the Wu Jian Council.
  2554 | D:3      | Found a hazy altar of Hepliaklqana.
  2693 | D:4      | Noticed an ice beast
  2707 | D:4      | Killed an ice beast
  2708 | D:4      | Reached skill level 5 in Fighting
  2720 | D:4      | Reached XP level 6. HP: 24/56 MP: 6/6
  2902 | D:4      | Found a staircase to the Ecumenical Temple.
  2925 | Temple   | Entered the Ecumenical Temple
  3074 | Temple   | Became a worshipper of Gozag Ym Sagoz the Greedy
  3167 | D:4      | Found a shadowy altar of Dithmenos.
  3318 | D:4      | Reached skill level 5 in Axes
  3684 | D:4      | Identified a scroll of acquirement
  3684 | D:4      | Acquired 572 gold pieces
  3723 | D:5      | Entered Level 5 of the Dungeon
  3747 | D:5      | Reached skill level 5 in Armour
  3747 | D:5      | Reached skill level 5 in Shields
  4240 | D:5      | Identified the +0 chain mail of the Other World {Drain
                  | Str+10 SInv Stlth-}
  4254 | D:5      | Reached XP level 7. HP: 61/61 MP: 7/7
  4301 | D:5      | Noticed Edmund
  4312 | D:5      | Killed Edmund
  4650 | D:5      | Reached skill level 6 in Axes
  4904 | D:5      | Reached XP level 8. HP: 70/71 MP: 8/8
  5336 | D:6      | Reached skill level 7 in Axes
  5561 | D:6      | Found an ancient bone altar of Kikubaaqudgha.
  5753 | D:6      | Reached XP level 9. HP: 65/79 MP: 9/9
  6014 | D:4      | Bought the ring of Wu Jian's Delight {rC+ Int-3 Dex+2 SInv
                  | Stlth+} for 415 gold pieces
  6070 | D:7      | Noticed Joseph
  6084 | D:7      | Killed Joseph
  6085 | D:7      | Reached skill level 8 in Axes
  6122 | D:7      | Found a glowing silver altar of Zin.
  6306 | D:7      | Noticed Menkaure
  6314 | D:7      | Killed Menkaure
  6447 | D:7      | Noticed Duvessa
  6447 | D:7      | Noticed Dowan
  6452 | D:7      | Killed Duvessa
  6458 | D:7      | Killed Dowan
  6503 | D:7      | Reached skill level 9 in Axes
  6905 | D:7      | Found a glowing golden altar of the Shining One.
  7088 | D:7      | Found a burning altar of Makhleb.
  7309 | D:8      | Found a hide-covered altar of Uskayaw.
  7358 | D:8      | Reached XP level 10. HP: 91/91 MP: 10/10
  7451 | D:8      | Found a transporter.
  7454 | D:8      | Found a transporter.
  7456 | D:8      | Noticed a centaur warrior
  7457 | D:8      | Noticed a cyan ugly thing
  7470 | D:8      | Found a radiant altar of Vehumet.
  7550 | D:8      | Found a staircase to the Lair.
  7552 | D:8      | Found a shimmering blue altar of Sif Muna.
  7589 | D:8      | Noticed Maggie
  7600 | D:8      | Killed Maggie
  7757 | D:8      | Noticed Maurice
  7803 | D:8      | Killed Maurice
  7804 | D:8      | Reached skill level 10 in Axes
  8327 | D:8      | Identified the +1 robe of Cocytus {Will+ Str+3}
  8569 | D:4      | Bought the ring of Cuditeet {Fire Drain rCorr Str+5 Int+4}
                  | for 712 gold pieces
  8751 | D:9      | Found a transporter.
  9271 | D:9      | Reached skill level 10 in Fighting
  9290 | D:9      | Paralysed by a hornet for 1 turns
  9681 | D:10     | Entered Level 10 of the Dungeon
  9681 | D:10     | Found Naasewig's Book Shoppe.
  9888 | D:10     | Found a stormy altar of Qazlal.
 10013 | D:10     | Found a bloodstained altar of Trog.
 10267 | D:10     | Noticed a two-headed ogre
 10272 | D:10     | Killed a two-headed ogre
 10273 | D:10     | Reached skill level 11 in Axes
 10273 | D:10     | Reached XP level 11. HP: 101/101 MP: 11/11
 10498 | D:10     | Noticed a wizard
 10500 | D:10     | Killed a wizard
 10954 | D:11     | Found a transporter.
 10959 | D:11     | Found a transporter.
 10988 | D:11     | Reached skill level 10 in Armour
 10988 | D:11     | Reached skill level 10 in Shields
 11101 | D:11     | Noticed a two-headed ogre
 11110 | D:11     | Killed a two-headed ogre
 11625 | D:11     | Noticed a manticore
 11634 | D:11     | Killed a manticore
 11871 | D:11     | Found a runed translucent door.
 11872 | D:11     | Found a shimmering altar of Xom.
 11872 | D:11     | Noticed Encipher's ghost (journeyman SpHu)
 11872 | D:11     | Noticed a +0 quarterstaff of chaos
 12021 | D:11     | Found a portal to a secret trove of treasure.
 12051 | D:11     | Noticed an orc high priest
 12052 | D:11     | Noticed an orc sorcerer
 12794 | D:12     | Noticed a manticore
 12802 | D:12     | Killed a manticore
 12874 | D:12     | Reached skill level 12 in Axes
 12879 | D:12     | Slain by a large slime creature

Illustrated notes

Levels and vault maps discovered:
D:1:      dpeg_arrival_tiny_k, layout_basic, ebering_ecumenical_altar_webs
D:2:      layout_loops_corners, uniq_terence, uniq_crazy_yiuf_cottage
D:3:      layout_basic, nzn_wu_jian_contemplation, nemelex_altar_shiori,
          nicolae_hepliaklqana_hazy_memory
D:4:      layout_rooms, nicolae_overflow_hidden_temple,
          minmay_temple_entry_antechambers
D:5:      layout_loops_ring, uniq_edmund
D:6:      layout_rooms, mainiacjoe_overflow_paths, minmay_holes
D:7:      layout_gridville, mainiacjoe_overflow_chevrons,
          mainiacjoe_overflow_surrounded_room, tso_altar, minmay_door_square,
          minivault_19, uniq_joseph, uniq_menkaure, uniq_duvessa
D:8:      layout_basic, nicolae_sif_muna_condensation, nicolae_uskayaw_suspiria,
          gammafunk_temple_overflow_arena, lair_entry_dummy, uniq_maurice,
          uniq_maggie
D:9:      layout_long_grid, serial_bayou_pond_e, nicolae_diode_basic
D:10:     layout_long_grid, trog_wizard, kennysheep_mini,
          amcnicky_mini_rare_corridor_liquid, nicolae_stop_n_shop_1,
          grunt_ministairs_9, kennysheep_path_1
D:11:     gammafunk_beogh_shrine, layout_layer_cave, ebering_ghost_xom,
          enter_trove_6
D:12:     layout_loops_cross, kennysheep_orc_monster_closet_entryway
Temple:   hellmonk_temple_forest_ring

Skill      XL: |  1  2  3  4  5  6  7  8  9 10 11 |
---------------+----------------------------------+-----
Axes           | 3 4 5 6 7 9 11 12 | 12.0
Fighting       | 4 5 6 7 9 10 11 | 11.3
Armour         | 4 5 6 8 9 10 | 10.4
Shields        | 4 5 6 8 9 10 | 10.4

Action                   |  1- 3 |  4- 6 |  7- 9 | 10-12 || total
-------------------------+-------+-------+-------+-------++-------
Melee: War axe           |    81 |       |       |   136 ||   217
       Hand axe          |       |   148 |   215 |   136 ||   499
Invok: Call Merchant     |       |     1 |       |       ||     1
Evoke: Wand              |       |     5 |       |       ||     5
  Use: Scroll            |     3 |     8 |     8 |     6 ||    25
 Stab: Distracted        |       |       |     4 |     2 ||     6
Armor: Scale mail        |    19 |    38 |       |       ||    57
       Chain mail        |       |       |    52 |    85 ||   137
Dodge: Dodged            |    44 |    54 |    39 |    62 ||   199
Block: Buckler           |    35 |    64 |    71 |   164 ||   334
       Reflection        |     2 |       |     6 |    10 ||    18
       Tower shield      |       |       |       |    20 ||    20

Table legend: (Time is in decaauts)
 A = Elapsed time spent in this place.
 B = Non-inter-level travel time spent in this place.
 C = Inter-level travel time spent in this place.
 D = Time resting spent in this place.
 E = Time spent auto-exploring this place.
 F = Levels seen in this place.
 G = Mean time per level.
                   A        B        C        D        E       F      G
               +--------+--------+--------+--------+--------+-----+--------+
         Total |  12912 |  11801 |   1111 |    451 |   9752 |  13 |  993.2 |
       Dungeon |  12747 |  11664 |   1083 |    451 |   9626 |  12 | 1062.2 |
        Temple |    164 |    136 |     28 |      0 |    126 |   1 |  164.0 |
               +--------+--------+--------+--------+--------+-----+--------+

Top non-repeatable levels by time:
     D:5: 1678 daAuts
    D:11: 1488 daAuts
     D:8: 1343 daAuts
     D:7: 1283 daAuts
     D:2: 1212 daAuts
     D:9: 1167 daAuts
    D:10: 1131 daAuts
     D:4: 1006 daAuts
     D:3: 807 daAuts
     D:1: 711 daAuts
     D:6: 679 daAuts
    D:12: 238 daAuts
  Temple: 164 daAuts
